 Dungeon Crawl Stone Soup version 0.29.0-11-gd7f09526c8 (webtiles) character file.

Game seed: 61847828744913530

384 greasedhog the Cudgeller (level 7, -5/61 HPs)
             Began as a Meteoran Berserker on Sept 6, 2022.
             Was a Follower of Trog.
             Splashed by a jelly's acid (8 damage)
             ... on level 4 of the Dungeon.
             The game lasted 00:02:26 (994 turns).

greasedhog the Cudgeller (Meteoran Berserker)        Turns: 994, Time: 00:02:26

Health: -5/61      AC: -9    Str: 27    XL:     7   Next: 27%
Magic:  8/8        EV: 12    Int:  8    God:    Trog [*.....]
Gold:   78         SH:  0    Dex: 14    Spells: 6/6 levels left

rFire   . . .      SeeInvis .   a - +0 mace
rCold   . . .      Faith    .   (no shield)
rNeg    . . .      Spirit   .   f - +3 leather armour
rPois   .          Reflect  .   (helmet restricted)
rElec   .          Harm     .   (no cloak)
rCorr   .          Rampage  .   (no gloves)
Will    .....                   (no boots)
Stlth   +.........              (no amulet)
HPRegen 0.20/turn               c - +6 ring of strength
MPRegen 0.11/turn               (no ring)

@: corroded, on berserk cooldown, flying, slowed, glowing, very slow
A: sense surroundings 1, otherworldly, glowing, explore regen, antennae 1, wild
magic 1
a: Renounce Religion, Berserk


You were on level 4 of the Dungeon.
You worshipped Trog.
Trog was aware of your devotion.
You visited 1 branch of the dungeon, and saw 4 of its levels.

You collected 78 gold pieces.

Inventory:

Hand Weapons
 a - a +0 mace (weapon)
Armour
 f - a +3 leather armour (worn)
Jewellery
 c - a +6 ring of strength (left hand)
Scrolls
 b - a scroll of poison {unknown}
 d - a scroll of vulnerability
 e - a scroll of fog {unknown}
Potions
 h - a potion of curing {unknown}
 i - a potion of haste {unknown}


   Skills:
 - Level 5.3 Fighting
 * Level 7.4 Maces & Flails
 * Level 4.1 Armour
 - Level 2.4 Dodging


You had 6 spell levels left.
You didn't know any spells.
Your spell library was empty.

Dungeon Overview and Level Annotations

Branches:
Dungeon (4/15) Zot: 1349
 Temple: D:4-7

Altars:
Makhleb


Innate Abilities, Weirdness & Mutations

You passively map a small area around you.
You are easily found by Zot.
You glow in the dark.
You regain HP and MP as you explore.
You have a pair of small antennae on your head.
Your spells are a little harder to cast, but a little more powerful.


Message History

You feel yourself slow down.
You start waiting.
HP restored.
A quokka comes into view.
A quokka is nearby!
A jelly comes into view.
The jelly quivers.
The jelly jiggles.
The quokka closely misses you.
You barely miss the quokka.
The quokka bites you but does no damage.
The quokka bites you.
You barely miss the quokka.
The quokka bites you but does no damage.
The quokka bites you. The jelly hits you but does no damage.
You hit the jelly but do no damage. The acid corrodes you!
Your hands burn!
The quokka bites you. The jelly hits you but does no damage.
The quokka completely misses you.
You thump the jelly!
Your hands burn!
The jelly is severely wounded.
The jelly hits you.
You are splashed with acid!
The quokka closely misses you. The jelly hits you. The acid corrodes you!
You are splashed with acid.
You barely miss the jelly.
The jelly is severely wounded.
The quokka closely misses you. The quokka bites you. The jelly hits you.
The acid corrodes you!
You are splashed with acid.
The quokka misses you.
You hit the jelly but do no damage.
Your hands burn!
* * * LOW HITPOINT WARNING * * *
The jelly is severely wounded.
The jelly barely misses you. The quokka barely misses you. The jelly hits you.
* * * LOW HITPOINT WARNING * * *
The acid corrodes you!
You are splashed with acid!
* * * LOW HITPOINT WARNING * * *
The quokka barely misses you.
It was a potion of flight.
You feel very buoyant.
You fly up into the air.
The jelly hits you.
* * * LOW HITPOINT WARNING * * *
You are splashed with acid!
You die...

,#.....#...#
#.#.....#|###
######.###'###.#### #..
##.................##...
#.............)........#
....................####
...................##
...................####
......r@.............>.,
......J...###..)...####
#........## #......#
#........# #......#
..........* #......#
*..........# ########
..........# ..........#


You could see a jelly and a quokka.

Vanquished Creatures
  Sigmund (D:4)
  A necrophage (D:4)
  A jelly (D:4)
  An orc priest (D:4)
  An iguana (D:4)
  Terence (D:2)
  2 adders (D:3)
  4 orcs (D:4)
  4 endoplasms
  2 giant cockroaches
  5 goblins
  4 hobgoblins
  A quokka (D:2)
  A ball python (D:1)
  4 bats
  A frilled lizard (D:2)
  3 kobolds
  A rat (D:3)
38 creatures vanquished.

Notes
Turn   | Place    | Note
-------+----------+-------------------------------------------
     0 | D:1      | greasedhog the Meteoran Berserker began the quest for the
                  | Orb.
     0 | D:1      | Reached XP level 1. HP: 19/19 MP: 2/2
    38 | D:1      | Reached XP level 2. HP: 4/26 MP: 3/3
   231 | D:2      | Found a burning altar of Makhleb.
   274 | D:2      | Noticed Terence
   284 | D:2      | Killed Terence
   285 | D:2      | Reached skill level 5 in Maces & Flails
   285 | D:2      | Reached XP level 3. HP: 9/33 MP: 4/4
   316 | D:2      | Gained mutation: Your spells are a little harder to cast,
                  | but a little more powerful. [potion of mutation]
   316 | D:2      | Gained mutation: You have a pair of small antennae on your
                  | head. [potion of mutation]
   370 | D:3      | Reached XP level 4. HP: 37/40 MP: 5/5
   662 | D:4      | Reached XP level 5. HP: 22/47 MP: 6/6
   807 | D:4      | Noticed a necrophage
   825 | D:4      | Killed a necrophage
   826 | D:4      | Reached skill level 5 in Fighting
   826 | D:4      | Reached skill level 6 in Maces & Flails
   826 | D:4      | Reached XP level 6. HP: 56/56 MP: 7/7
   926 | D:4      | Reached ** piety under Trog
   961 | D:4      | Noticed Sigmund
   970 | D:4      | Killed Sigmund
   971 | D:4      | Reached skill level 7 in Maces & Flails
   971 | D:4      | Reached XP level 7. HP: 61/61 MP: 8/8
   994 | D:4      | HP: 3/61 [jelly (1)]
   994 | D:4      | Splashed by a jelly's acid

Illustrated notes

Levels and vault maps discovered:
D:1:      minmay_arrival_doors, layout_basic,
          shapermc_ecumenical_altar_rom_forum, palyth_stone_intersect
D:2:      layout_basic, basic_altar, minmay_3d_cube, uniq_natasha, uniq_terence
D:3:      layout_loops_corners
D:4:      layout_rooms, hangedman_decor_lopped, kennysheep_minor_cross,
          kennysheep_cross_room, uniq_sigmund

Skill      XL: |  1  2  3  4  5  6 |
---------------+-------------------+-----
Fighting       | 4 5 |  5.3
Maces & Flails | 5 6 7 |  7.4
Armour         | 4 |  4.1
Dodging        | |  2.4

Action                   |  1- 3 |  4- 6 |  7- 9 || total
-------------------------+-------+-------+-------++-------
Melee: Mace              |    44 |    78 |     6 ||   128
       Punch             |       |     1 |       ||     1
Invok: Berserk           |     2 |     3 |       ||     5
  Use: Scroll            |     2 |       |       ||     2
       Potion            |     1 |       |     1 ||     2
Armor: Animal skin       |     7 |       |       ||     7
       Leather armour    |     7 |    14 |     4 ||    25
       Ring mail         |     5 |    12 |       ||    17
Dodge: Dodged            |    33 |    27 |     8 ||    68
